Atomiques vs Carnivores
Created - March 25, 2019 at 19:04
Goals
|
Atomiques |
1 |
2 |
2 |
5 |
Carnivores |
3 |
4 |
1 |
8 |
|
Shots
|
Atomiques |
9 |
16 |
14 |
39 |
Carnivores |
13 |
13 |
7 |
33 |
|
1st period
1. Carnivores , Jeremy Williams 33 (Jeremy Welsh 34, David Fischer 24) at 6:36
2. Carnivores , Ryan Pulock 1 (Blake Geoffrion 47, Nikita Alexeev 38) at 9:45 (PP)
3. Atomiques , Rickard Rakell 28 (Dwight King 45, Ryan Shannon 53) at 13:36
4. Carnivores , Jeremy Williams 34 (Nicolas Kerdiles 15, Nikita Alexeev 39) at 14:30
Penalties :
Colby Cohen (STB) for Roughing (Minor) at 3:10, Eric Mestery (STB) for Hooking (Minor) at 9:31
2nd period
5. Carnivores , Mark McNeill 12 (Jeremy Welsh 35, Anton Gustafsson 24) at 0:12
6. Atomiques , Rasmus Ristolainen 18 (Dwight King 46, Ryan Shannon 54) at 13:31 (PP)
7. Carnivores , Nicolas Kerdiles 24 (David Fischer 25, Ryan Pulock 10) at 14:02
8. Carnivores , Nikita Alexeev 29 (Markus Granlund 31, Mat Clark 20) at 16:29
9. Atomiques , Anthony Nigro 7 (Corey Tropp 13) at 17:18
10. Carnivores , Curtis Lazar 3 (Nicolas Kerdiles 16, Mat Clark 21) at 18:38
Penalties :
David Schlemko (Bre) for Tripping (Minor) at 12:13
3rd period
11. Carnivores , Anton Gustafsson 16 (Jeremy Williams 19, Jeremy Welsh 36) at 1:39 (PP)
12. Atomiques , Kenndal McArdle 13 (Rasmus Ristolainen 70, Matt Tennyson 30) at 6:28
13. Atomiques , Bobby Farnham 14 (Mike Halmo 2, Eric Mestery 8) at 16:00
Penalties :
Colby Cohen (STB) for Interference (Minor) at 1:04, Eric Mestery (STB) for Interference (Minor) at 2:32, Anthony Nigro (STB) for Holding Stick (Minor) at 18:37
Goalie Stats
Jeff Frazee (STB), 10 saves from 14 shots - (0.714), L, 5-10-2, 21:27 minutes
Jake Allen (STB), 15 saves from 19 shots - (0.789), 38:33 minutes
Anders Lindback (Bre), 34 saves from 39 shots - (0.872), W, 25-19-2, 60:00 minutes
Players Stats for Atomiques
Player Name G A P +/- PIM S H SB GA TA FO MP PP MP PK MP
------------------------------------------------------------------------------------
Anthony Nigro 1 0 1 -1 2 1 1 0 0 0 0/3 11:01 0:00 0:00
Bobby Farnham 1 0 1 1 0 2 0 0 1 0 0/0 8:26 0:00 0:00
Carl Dahlstrom 0 0 0 0 0 0 0 0 0 0 0/0 5:35 0:00 0:00
Colby Cohen 0 0 0 0 4 1 2 1 0 1 0/0 17:47 0:29 1:19
Corey Tropp 0 1 1 -1 0 1 0 0 1 0 0/0 11:02 0:00 0:00
Dalton Smith 0 0 0 -1 0 0 3 0 0 0 0/1 11:02 0:00 0:00
Dwight King 0 2 2 -1 0 5 1 1 1 2 4/6 22:34 0:51 3:36
Eric Gustafsson 0 0 0 -3 0 0 0 0 1 2 0/0 12:55 0:00 1:19
Eric Mestery 0 1 1 0 4 3 2 1 0 1 0/0 18:02 0:29 1:30
Jack Skille 0 0 0 -1 0 2 2 1 2 0 0/0 16:58 0:27 1:37
Jacob De La Rose 0 0 0 1 0 1 0 0 0 0 0/1 8:26 0:00 0:00
John Draeger 0 0 0 0 0 0 0 0 0 0 0/0 5:51 0:00 0:16
Joseph Cramarossa 0 0 0 0 0 0 0 0 0 0 0/1 1:23 0:00 1:19
Kenndal McArdle 1 0 1 0 0 1 2 1 0 0 0/1 13:54 0:27 0:00
Lucas Wallmark 0 0 0 0 0 0 0 0 0 0 0/0 0:00 0:00 0:00
Matt Tennyson 0 1 1 0 0 2 0 1 0 2 0/0 25:34 0:49 3:57
Max McCormick 0 0 0 0 0 0 0 0 0 0 0/0 0:00 0:00 0:00
Mike Halmo 0 1 1 1 0 2 0 0 0 0 0/0 8:57 0:00 0:31
Mitch Callahan 0 0 0 0 0 0 0 0 0 0 0/1 0:23 0:00 0:00
Rasmus Ristolainen 1 1 2 0 0 8 1 1 2 0 0/0 25:34 0:49 3:57
Rickard Rakell 1 0 1 -2 0 5 1 1 0 0 17/37 21:39 0:51 1:37
Ryan Shannon 0 2 2 -1 0 4 1 0 2 1 1/2 22:40 0:51 3:38
Tyler Brenner 0 0 0 0 0 1 1 1 0 0 3/13 13:54 0:27 0:00
Wiley Sherman 0 0 0 -2 0 0 1 1 0 0 0/0 10:09 0:00 0:00
Players Stats for Carnivores
Player Name G A P +/- PIM S H SB GA TA FO MP PP MP PK MP
------------------------------------------------------------------------------------
Anton Gustafsson 1 1 2 1 0 8 3 0 0 2 17/26 20:31 2:46 1:15
Blake Geoffrion 0 1 1 0 0 3 1 0 2 0 2/2 20:42 3:23 0:00
Curtis Lazar 1 0 1 2 0 3 1 0 0 0 1/1 10:16 0:00 0:00
David Fischer 0 2 2 -1 0 1 2 5 0 2 0/0 28:55 3:32 1:04
David Schlemko 0 0 0 1 2 0 0 0 0 2 0/0 12:38 0:00 0:00
Hunter Shinkaruk 0 0 0 -1 0 0 0 0 1 0 0/0 8:28 0:00 0:00
Jeremy Welsh 0 3 3 1 0 1 1 0 2 1 1/1 19:16 2:46 0:00
Jeremy Williams 2 1 3 3 0 4 2 0 0 0 0/0 14:13 2:46 0:00
Mark MacMillan 0 0 0 -1 0 0 0 0 0 0 0/0 8:28 0:00 0:00
Mark McNeill 1 0 1 0 0 3 0 0 0 0 2/2 15:34 0:00 0:15
Markus Granlund 0 1 1 0 0 1 1 0 0 1 14/30 20:42 3:23 0:00
Mat Clark 0 2 2 2 0 0 0 0 1 0 0/0 18:26 2:37 0:14
Mattias Backman 0 0 0 0 0 0 0 0 0 0 0/0 4:04 0:00 0:00
Nicolas Kerdiles 1 2 3 2 0 3 0 0 0 0 0/0 11:19 0:00 1:03
Nikita Alexeev 1 2 3 0 0 3 1 0 1 0 3/3 20:42 3:23 0:00
Ryan Pulock 1 1 2 -1 0 1 0 1 1 1 0/0 24:34 3:32 0:00
Sasha Pokulok 0 0 0 2 0 1 1 0 0 1 0/0 15:10 0:00 0:14
T.J Brodie 0 0 0 1 0 0 1 1 1 0 0/0 16:12 2:37 1:04
Zack Smith 0 0 0 -1 0 1 1 0 0 0 1/1 8:31 0:00 0:03
3 Stars
1 - Jeremy Williams (Bre)
2 - Nicolas Kerdiles (Bre)
3 - Nikita Alexeev (Bre)
Power Play
Atomiques - 1 on 1 Attempt(s) - 100.00%
Carnivores - 2 on 5 Attempt(s) - 40.00%
Penalty Kill
Atomiques - 3 on 5 Attempt(s) - 60.00%
- Score 0 goal in Penalty Kill
Carnivores - 0 on 1 Attempt(s) - 0.00%
- Score 0 goal in Penalty Kill
Team Stat
Atomiques - Hits : 18 - Faceoff Wins : 25 - Blocked Shots : 10 - Penalty Minutes : 10
Carnivores - Hits : 15 - Faceoff Wins : 41 - Blocked Shots : 7 - Penalty Minutes : 2
Official
Referees : Unknown
Linesman : Unknown
Game Notes
Jeff Frazee enters game at 0:12 of 2nd period
Jake Allen enters game at 1:39 of 3rd period
Finance
Level 1 -- Attendance: 1499 (74.95%) -- Ticket Income $59,960
Level 2 -- Attendance: 741 (74.10%) -- Ticket Income $14,820
Total Attendance: 2240 (74.67%)
Total Ticket Income: $74,780
Other Income: $3,739
Total Income: $78,519
Atomiques
5 vs 5 Forward
Center Left Wing Right Wing Time % Phy DF OF
1 Rickard Rakell Dwight King Ryan Shannon 40 1 2 2
2 Tyler Brenner Kenndal McArdle Jack Skille 30 1 2 2
3 Anthony Nigro Dalton Smith Corey Tropp 20 1 2 2
4 Jacob De La Rose Mike Halmo Bobby Farnham 10 1 2 2
5 vs 5 Defense
Defense Defense Time % Phy DF OF
1 Matt Tennyson Rasmus Ristolainen 40 1 2 2
2 Colby Cohen Eric Mestery 30 1 2 2
3 Wiley Sherman Eric Gustafsson 20 1 2 2
4 John Draeger Carl Dahlstrom 10 1 2 2
PowerPlay Forward
Center Left Wing Right Wing Time % Phy DF OF
1 Rickard Rakell Dwight King Ryan Shannon 60 1 2 2
2 Tyler Brenner Kenndal McArdle Jack Skille 40 1 2 2
PowerPlay Defense
Defense Defense Time % Phy DF OF
1 Matt Tennyson Rasmus Ristolainen 60 1 2 2
2 Colby Cohen Eric Mestery 40 1 2 2
Penalty Kill 4 Players Forward
Center Wing Time % Phy DF OF
1 Dwight King Ryan Shannon 60 1 2 2
2 Rickard Rakell Jack Skille 40 1 2 2
Penalty Kill 4 Players Defense
Defense Defense Time % Phy DF OF
1 Matt Tennyson Rasmus Ristolainen 60 1 2 2
2 Colby Cohen Eric Mestery 40 1 2 2
Penalty Kill - 3 Players Forward
Forward Time % Phy DF OF
1 Dwight King 60 1 2 2
2 Ryan Shannon 40 1 2 2
Penalty Kill - 3 Players Defense
Defense Defense Time % Phy DF OF
1 Matt Tennyson Rasmus Ristolainen 60 1 2 2
2 Colby Cohen Eric Mestery 40 1 2 2
4 vs 4 Forward
Center Wing Time % Phy DF OF
1 Dwight King Ryan Shannon 60 1 2 2
2 Rickard Rakell Jack Skille 40 1 2 2
4 vs 4 Defense
Defense Defense Time % Phy DF OF
1 Matt Tennyson Rasmus Ristolainen 60 1 2 2
2 Colby Cohen Eric Mestery 40 1 2 2
Last Minutes Offensive
Center Left Wing Right Wing Defense Defense
Rickard Rakell Dwight King Ryan Shannon Matt Tennyson Rasmus Ristolainen
Last Minutes Defensive
Center Left Wing Right Wing Defense Defense
Rickard Rakell Dwight King Ryan Shannon Matt Tennyson Rasmus Ristolainen
Goaltenders
Starting : Jake Allen
Backup : Jeff Frazee
Extra Forwards
Normal : Mitch Callahan, Max McCormick, Joseph Cramarossa - PP : Mitch Callahan, Max McCormick - PK : Joseph Cramarossa
Extra Defensemen
Normal : Wiley Sherman, Eric Gustafsson, John Draeger - PP : Wiley Sherman - PK : Eric Gustafsson, John Draeger
Penalty Shots
Dwight King, Ryan Shannon, Rickard Rakell, Jack Skille, Kenndal McArdle
Scratches
Brock McGinn (Torso Injury), Francois Tremblay (Healthy)
Carnivores
5 vs 5 Forward
Center Left Wing Right Wing Time % Phy DF OF
1 Markus Granlund Blake Geoffrion Nikita Alexeev 35 1 2 2
2 Anton Gustafsson Jeremy Welsh Mark McNeill 35 1 2 2
3 Curtis Lazar Nicolas Kerdiles Jeremy Williams 20 1 2 2
4 Zack Smith Hunter Shinkaruk Mark MacMillan 10 1 2 2
5 vs 5 Defense
Defense Defense Time % Phy DF OF
1 David Fischer Ryan Pulock 40 1 2 2
2 Sasha Pokulok Mat Clark 30 1 2 2
3 T.J Brodie David Schlemko 20 1 2 2
4 David Fischer Mattias Backman 10 1 2 2
PowerPlay Forward
Center Left Wing Right Wing Time % Phy DF OF
1 Markus Granlund Blake Geoffrion Nikita Alexeev 60 1 1 3
2 Anton Gustafsson Jeremy Welsh Jeremy Williams 40 1 1 3
PowerPlay Defense
Defense Defense Time % Phy DF OF
1 David Fischer Ryan Pulock 60 1 1 3
2 T.J Brodie Mat Clark 40 1 1 3
Penalty Kill 4 Players Forward
Center Wing Time % Phy DF OF
1 Anton Gustafsson Nicolas Kerdiles 60 1 2 2
2 Zack Smith Mark McNeill 40 1 2 2
Penalty Kill 4 Players Defense
Defense Defense Time % Phy DF OF
1 David Fischer David Schlemko 60 1 2 2
2 Sasha Pokulok Mat Clark 40 1 2 2
Penalty Kill - 3 Players Forward
Forward Time % Phy DF OF
1 Anton Gustafsson 60 1 2 2
2 Mark McNeill 40 1 2 2
Penalty Kill - 3 Players Defense
Defense Defense Time % Phy DF OF
1 David Fischer David Schlemko 60 1 2 2
2 Sasha Pokulok Mat Clark 40 1 2 2
4 vs 4 Forward
Center Wing Time % Phy DF OF
1 Markus Granlund Nicolas Kerdiles 60 1 2 2
2 Anton Gustafsson Nikita Alexeev 40 1 2 2
4 vs 4 Defense
Defense Defense Time % Phy DF OF
1 David Fischer Ryan Pulock 60 1 2 2
2 Sasha Pokulok Mat Clark 40 1 2 2
Last Minutes Offensive
Center Left Wing Right Wing Defense Defense
Anton Gustafsson Jeremy Welsh Nikita Alexeev Ryan Pulock David Fischer
Last Minutes Defensive
Center Left Wing Right Wing Defense Defense
Anton Gustafsson Nicolas Kerdiles Blake Geoffrion David Schlemko David Fischer
Goaltenders
Starting : Anders Lindback
Backup : Niklas Svedberg
Extra Forwards
Normal : Curtis Lazar, Jeremy Williams, Nicolas Kerdiles - PP : Curtis Lazar, Nicolas Kerdiles - PK : Mark McNeill
Extra Defensemen
Normal : Ryan Pulock, Mat Clark, Mattias Backman - PP : David Fischer - PK : David Schlemko, T.J Brodie
Penalty Shots
Curtis Lazar, Blake Geoffrion, Anton Gustafsson, Jeremy Williams, Zack Smith
Scratches
Adam Almquist (Healthy), Stanislav Galiev (Healthy), Tyler Graovac (Healthy), Troy Bourke (Healthy), Alexandre Mallet (Healthy)
Michael Schumacher (Healthy), Elias Lindholm (Torn Right ACL Injury), Tristan Jarry (Healthy)
% Time on Ice - Atomiques
Lines # - Real PCT - Wanted PCT - Time Play
Normal Forward
1 - 35% - 40% - 18:11
2 - 28% - 30% - 14:54
3 - 21% - 20% - 11:02
4 - 16% - 10% - 8:26
Normal Defense
1 - 40% - 40% - 20:48
2 - 30% - 30% - 16:01
3 - 19% - 20% - 10:09
4 - 11% - 10% - 5:35
PP Forward
1 - 65% - 60% - 0:51
2 - 35% - 40% - 0:27
PP Defense
1 - 63% - 60% - 0:49
2 - 37% - 40% - 0:29
PK Forward
1 - 74% - 60% - 4:32
2 - 26% - 40% - 1:37
PK Defense
1 - 64% - 60% - 3:57
2 - 36% - 40% - 2:12
PK3 Forward
1 - 0% - 60%
2 - 0% - 40%
PK3 Defense
1 - 0% - 60%
2 - 0% - 40%
44 Forward
1 - 0% - 60%
2 - 0% - 40%
44 Defense
1 - 0% - 60%
2 - 0% - 40%
Last Minute Offensive - 0:00
Last Minute Defensive - 0:00
Total
Forward - 60:00
Defense - 60:00
|
% Time on Ice - Carnivores
Lines # - Real PCT - Wanted PCT - Time Play
Normal Forward
1 - 33% - 35% - 17:19
2 - 31% - 35% - 16:30
3 - 20% - 20% - 10:16
4 - 16% - 10% - 8:28
Normal Defense
1 - 40% - 40% - 21:02
2 - 30% - 30% - 15:35
3 - 23% - 20% - 11:52
4 - 8% - 10% - 4:04
PP Forward
1 - 55% - 60% - 3:23
2 - 45% - 40% - 2:46
PP Defense
1 - 57% - 60% - 3:32
2 - 43% - 40% - 2:37
PK Forward
1 - 96% - 60% - 1:15
2 - 4% - 40% - 0:03
PK Defense
1 - 82% - 60% - 1:04
2 - 18% - 40% - 0:14
PK3 Forward
1 - 0% - 60%
2 - 0% - 40%
PK3 Defense
1 - 0% - 60%
2 - 0% - 40%
44 Forward
1 - 0% - 60%
2 - 0% - 40%
44 Defense
1 - 0% - 60%
2 - 0% - 40%
Last Minute Offensive - 0:00
Last Minute Defensive - 0:00
Total
Forward - 60:00
Defense - 60:00
|
Play-by-Play
1st period
0:01 of 1st period - Rickard Rakell wins face-off versus Markus Granlund in neutral zone.
0:10 of 1st period - Snap shot by Nikita Alexeev.
0:10 of 1st period - Stopped by Jake Allen with a rebound.
0:14 of 1st period - Snap shot by Blake Geoffrion.
0:14 of 1st period - Shot Misses the Net.
0:49 of 1st period - Snap shot by Dwight King.
0:49 of 1st period - Shot Misses the Net.
2:06 of 1st period - Icing by Jeremy Williams.
2:07 of 1st period - Anton Gustafsson wins face-off versus Anthony Nigro in Carnivores zone.
2:58 of 1st period - Wrist shot by Jack Skille.
2:58 of 1st period - Stopped by Anders Lindback with a rebound.
3:10 of 1st period - Minor Penalty to Colby Cohen for Roughing.
3:11 of 1st period - Dwight King wins face-off versus Markus Granlund in Atomiques zone.
3:29 of 1st period - Ryan Shannon is hit by David Fischer and loses puck.
4:55 of 1st period - Icing by Blake Geoffrion.
4:56 of 1st period - Markus Granlund wins face-off versus Joseph Cramarossa in Carnivores zone.
5:10 of 1st period - Penalty to Colby Cohen is over, Colby Cohen is back on ice.
5:15 of 1st period - Snap shot by Rickard Rakell.
5:15 of 1st period - Shot Misses the Net.
5:21 of 1st period - Wrist shot by Rickard Rakell.
5:21 of 1st period - Shot Misses the Net.
5:34 of 1st period - Snap shot by Jack Skille.
5:34 of 1st period - Deflect By Rickard Rakell.
5:34 of 1st period - Stopped by Anders Lindback with a rebound.
5:36 of 1st period - Slapshot by Eric Mestery.
5:36 of 1st period - Shot Misses the Net.
6:36 of 1st period - Snap shot by Jeremy Williams.
6:36 of 1st period - Goal by Jeremy Williams - Atomiques : 0 - Carnivores : 1.
6:37 of 1st period - Blake Geoffrion wins face-off versus Dalton Smith in neutral zone.
7:04 of 1st period - Matt Tennyson is hit by Sasha Pokulok and loses puck.
7:24 of 1st period - Icing by Mat Clark.
7:25 of 1st period - Nikita Alexeev wins face-off versus Mitch Callahan in Carnivores zone.
8:00 of 1st period - Hunter Shinkaruk is hit by Dalton Smith.
8:10 of 1st period - Wrist shot by Hunter Shinkaruk.
8:10 of 1st period - Shot Blocked by Wiley Sherman.
8:12 of 1st period - Slapshot by Sasha Pokulok.
8:12 of 1st period - Stopped by Jake Allen with a rebound.
8:14 of 1st period - Slapshot by Sasha Pokulok.
8:14 of 1st period - Shot Misses the Net.
8:22 of 1st period - Backhand shot by Nicolas Kerdiles.
8:22 of 1st period - Stopped by Jake Allen with a rebound.
9:29 of 1st period - Wrist shot by Anton Gustafsson.
9:29 of 1st period - Shot Blocked by Colby Cohen.
9:31 of 1st period - Minor Penalty to Eric Mestery for Hooking.
9:32 of 1st period - Dwight King wins face-off versus Markus Granlund in Atomiques zone.
9:43 of 1st period - Snap shot by Blake Geoffrion.
9:43 of 1st period - Shot Misses the Net.
9:45 of 1st period - Slapshot by Ryan Pulock.
9:45 of 1st period - Deflect By Rasmus Ristolainen.
9:45 of 1st period - Goal by Ryan Pulock - Atomiques : 0 - Carnivores : 2.
9:46 of 1st period - Markus Granlund wins face-off versus Rickard Rakell in neutral zone.
9:53 of 1st period - Slapshot by Blake Geoffrion.
9:53 of 1st period - Shot Misses the Net.
10:11 of 1st period - Kenndal McArdle is hit by Anton Gustafsson and loses puck.
10:20 of 1st period - John Draeger is hit by Anton Gustafsson and loses puck.
11:16 of 1st period - Matt Tennyson is hit by Markus Granlund and loses puck.
11:41 of 1st period - Snap shot by Dwight King.
11:41 of 1st period - Stopped by Anders Lindback with a rebound.
12:01 of 1st period - Snap shot by Nicolas Kerdiles.
12:01 of 1st period - Stopped by Jake Allen with a rebound.
12:11 of 1st period - Bobby Farnham is hit by T.J Brodie and loses puck.
12:24 of 1st period - Backhand shot by Bobby Farnham.
12:24 of 1st period - Deflect By Mike Halmo.
12:24 of 1st period - Stopped by Anders Lindback without a rebound.
12:25 of 1st period - Nikita Alexeev wins face-off versus Rickard Rakell in Carnivores zone.
12:25 of 1st period - Nikita Alexeev is hit by Ryan Shannon.
12:51 of 1st period - Sasha Pokulok is hit by Eric Mestery and loses puck.
13:18 of 1st period - Snap shot by Jack Skille.
13:18 of 1st period - Deflect By Kenndal McArdle.
13:18 of 1st period - Deflect By Jeremy Williams.
13:18 of 1st period - Shot Misses the Net.
13:18 of 1st period - Puck is out of play.
13:19 of 1st period - Markus Granlund wins face-off versus Rickard Rakell in Carnivores zone.
13:24 of 1st period - Snap shot by Ryan Shannon.
13:24 of 1st period - Stopped by Anders Lindback without a rebound.
13:25 of 1st period - Rickard Rakell wins face-off versus Markus Granlund in Carnivores zone.
13:28 of 1st period - Slapshot by Rickard Rakell.
13:28 of 1st period - Stopped by Anders Lindback without a rebound.
13:29 of 1st period - Markus Granlund wins face-off versus Rickard Rakell in Carnivores zone.
13:34 of 1st period - Wrist shot by Dwight King.
13:34 of 1st period - Shot Misses the Net.
13:36 of 1st period - Wrist shot by Rickard Rakell.
13:36 of 1st period - Goal by Rickard Rakell - Atomiques : 1 - Carnivores : 2.
13:37 of 1st period - Anton Gustafsson wins face-off versus Rickard Rakell in neutral zone.
13:40 of 1st period - Snap shot by Anton Gustafsson.
13:40 of 1st period - Stopped by Jake Allen with a rebound.
13:48 of 1st period - Snap shot by Anton Gustafsson.
13:48 of 1st period - Stopped by Jake Allen with a rebound.
13:50 of 1st period - Wrist shot by Jeremy Welsh.
13:50 of 1st period - Shot Misses the Net.
13:52 of 1st period - Snap shot by Mark McNeill.
13:52 of 1st period - Stopped by Jake Allen with a rebound.
14:24 of 1st period - Snap shot by Nicolas Kerdiles.
14:24 of 1st period - Shot Misses the Net.
14:30 of 1st period - Snap shot by Jeremy Williams.
14:30 of 1st period - Goal by Jeremy Williams - Atomiques : 1 - Carnivores : 3.
14:31 of 1st period - Anton Gustafsson wins face-off versus Rickard Rakell in neutral zone.
15:04 of 1st period - Snap shot by Blake Geoffrion.
15:04 of 1st period - Deflect By Nikita Alexeev.
15:04 of 1st period - Stopped by Jake Allen with a rebound.
15:26 of 1st period - T.J Brodie is hit by Anthony Nigro and loses puck.
15:45 of 1st period - Slapshot by Matt Tennyson.
15:45 of 1st period - Stopped by Anders Lindback with a rebound.
16:01 of 1st period - Snap shot by Ryan Shannon.
16:01 of 1st period - Stopped by Anders Lindback with a rebound.
16:29 of 1st period - Snap shot by Jack Skille.
16:29 of 1st period - Shot Misses the Net.
16:31 of 1st period - Snap shot by Kenndal McArdle.
16:31 of 1st period - Shot Misses the Net.
17:24 of 1st period - Dwight King is hit by Anton Gustafsson and loses puck.
18:22 of 1st period - Wrist shot by Jack Skille.
18:22 of 1st period - Shot Blocked by David Fischer.
18:36 of 1st period - Ryan Shannon is hit by Nikita Alexeev and loses puck.
19:39 of 1st period - Slapshot by David Fischer.
19:39 of 1st period - Stopped by Jake Allen with a rebound.
19:41 of 1st period - Slapshot by Jeremy Williams.
19:41 of 1st period - Stopped by Jake Allen without a rebound.
19:42 of 1st period - Markus Granlund wins face-off versus Rickard Rakell in Atomiques zone.
Goals for this period are 1 for Atomiques vs 3 for Carnivores.
Shots for this period are 9 for Atomiques vs 13 for Carnivores.
2nd period
0:01 of 2nd period - Rickard Rakell wins face-off versus Anton Gustafsson in neutral zone.
0:10 of 2nd period - Snap shot by Jeremy Welsh.
0:10 of 2nd period - Shot Misses the Net.
0:12 of 2nd period - Slapshot by Mark McNeill.
0:12 of 2nd period - Goal by Mark McNeill - Atomiques : 1 - Carnivores : 4.
0:12 of 2nd period - Jeff Frazee enters game.
0:13 of 2nd period - Anton Gustafsson wins face-off versus Rickard Rakell in neutral zone.
0:38 of 2nd period - David Fischer is hit by Rasmus Ristolainen and loses puck.
1:02 of 2nd period - Backhand shot by Nicolas Kerdiles.
1:02 of 2nd period - Shot Misses the Net.
1:53 of 2nd period - Slapshot by Eric Gustafsson.
1:53 of 2nd period - Shot Blocked by David Fischer.
2:08 of 2nd period - Wrist shot by Bobby Farnham.
2:08 of 2nd period - Deflect By Mike Halmo.
2:08 of 2nd period - Shot Misses the Net.
2:08 of 2nd period - Puck is out of play.
2:09 of 2nd period - Rickard Rakell wins face-off versus Anton Gustafsson in Carnivores zone.
2:43 of 2nd period - Markus Granlund is hit by Kenndal McArdle and loses puck.
3:40 of 2nd period - Icing by Bobby Farnham.
3:41 of 2nd period - Mark McNeill wins face-off versus Jacob De La Rose in Atomiques zone.
3:56 of 2nd period - Slapshot by Rasmus Ristolainen.
3:56 of 2nd period - Shot Misses the Net.
4:21 of 2nd period - Anton Gustafsson is hit by Colby Cohen and loses puck.
4:36 of 2nd period - Slapshot by Eric Gustafsson.
4:36 of 2nd period - Shot Misses the Net.
4:38 of 2nd period - Snap shot by Jacob De La Rose.
4:38 of 2nd period - Stopped by Anders Lindback with a rebound.
4:40 of 2nd period - Snap shot by Mike Halmo.
4:40 of 2nd period - Stopped by Anders Lindback without a rebound.
4:41 of 2nd period - Ryan Shannon wins face-off versus Markus Granlund in Carnivores zone.
5:15 of 2nd period - Wrist shot by Nicolas Kerdiles.
5:15 of 2nd period - Shot Blocked by Kenndal McArdle.
5:17 of 2nd period - Slapshot by T.J Brodie.
5:17 of 2nd period - Shot Misses the Net.
5:39 of 2nd period - Slapshot by Corey Tropp.
5:39 of 2nd period - Shot Misses the Net.
6:53 of 2nd period - Corey Tropp is hit by Jeremy Williams and loses puck.
7:06 of 2nd period - Wrist shot by Anton Gustafsson.
7:06 of 2nd period - Stopped by Jeff Frazee without a rebound.
7:07 of 2nd period - Anton Gustafsson wins face-off versus Tyler Brenner in Atomiques zone.
7:18 of 2nd period - Jeremy Welsh is hit by Kenndal McArdle and loses puck.
7:31 of 2nd period - Jack Skille is hit by David Fischer and loses puck.
7:45 of 2nd period - Icing by Tyler Brenner.
7:46 of 2nd period - Markus Granlund wins face-off versus Tyler Brenner in Atomiques zone.
9:03 of 2nd period - Wrist shot by Blake Geoffrion.
9:03 of 2nd period - Stopped by Jeff Frazee without a rebound.
9:04 of 2nd period - Markus Granlund wins face-off versus Rickard Rakell in Atomiques zone.
9:11 of 2nd period - Snap shot by Blake Geoffrion.
9:11 of 2nd period - Stopped by Jeff Frazee without a rebound.
9:12 of 2nd period - Rickard Rakell wins face-off versus Markus Granlund in Atomiques zone.
9:44 of 2nd period - Snap shot by Blake Geoffrion.
9:44 of 2nd period - Shot Blocked by Matt Tennyson.
9:46 of 2nd period - Snap shot by Blake Geoffrion.
9:46 of 2nd period - Stopped by Jeff Frazee without a rebound.
9:47 of 2nd period - Anton Gustafsson wins face-off versus Tyler Brenner in Atomiques zone.
10:01 of 2nd period - Jeremy Welsh is hit by Tyler Brenner and loses puck.
10:39 of 2nd period - Snap shot by Dwight King.
10:39 of 2nd period - Stopped by Anders Lindback with a rebound.
11:18 of 2nd period - Snap shot by Jack Skille.
11:18 of 2nd period - Stopped by Anders Lindback without a rebound.
11:19 of 2nd period - Anton Gustafsson wins face-off versus Rickard Rakell in Carnivores zone.
11:26 of 2nd period - Slapshot by Anton Gustafsson.
11:26 of 2nd period - Stopped by Jeff Frazee with a rebound.
11:28 of 2nd period - Wrist shot by Jeremy Welsh.
11:28 of 2nd period - Shot Misses the Net.
11:30 of 2nd period - Slapshot by Jeremy Welsh.
11:30 of 2nd period - Deflect By Mark McNeill.
11:30 of 2nd period - Stopped by Jeff Frazee without a rebound.
11:31 of 2nd period - Rickard Rakell wins face-off versus Markus Granlund in Atomiques zone.
12:01 of 2nd period - Off-side.
12:02 of 2nd period - Rickard Rakell wins face-off versus Anton Gustafsson in neutral zone.
12:02 of 2nd period - Rickard Rakell is hit by Jeremy Welsh.
12:13 of 2nd period - Minor Penalty to David Schlemko for Tripping.
12:14 of 2nd period - Rickard Rakell wins face-off versus Anton Gustafsson in Carnivores zone.
12:44 of 2nd period - Slapshot by Rasmus Ristolainen.
12:44 of 2nd period - Deflect By Tyler Brenner.
12:44 of 2nd period - Deflect By T.J Brodie.
12:44 of 2nd period - Shot Misses the Net.
12:44 of 2nd period - Puck is out of play.
12:45 of 2nd period - Anton Gustafsson wins face-off versus Rickard Rakell in Carnivores zone.
12:58 of 2nd period - Slapshot by Ryan Shannon.
12:58 of 2nd period - Shot Misses the Net.
13:12 of 2nd period - T.J Brodie is hit by Colby Cohen and loses puck.
13:17 of 2nd period - Slapshot by Rasmus Ristolainen.
13:17 of 2nd period - Deflect By Kenndal McArdle.
13:17 of 2nd period - Shot Misses the Net.
13:17 of 2nd period - Puck is out of play.
13:18 of 2nd period - Rickard Rakell wins face-off versus Anton Gustafsson in Carnivores zone.
13:27 of 2nd period - Wrist shot by Dwight King.
13:27 of 2nd period - Shot Misses the Net.
13:29 of 2nd period - Slapshot by Rasmus Ristolainen.
13:29 of 2nd period - Stopped by Anders Lindback with a rebound.
13:31 of 2nd period - Backhand shot by Rasmus Ristolainen.
13:31 of 2nd period - Goal by Rasmus Ristolainen - Atomiques : 2 - Carnivores : 4.
13:32 of 2nd period - Markus Granlund wins face-off versus Rickard Rakell in neutral zone.
13:35 of 2nd period - Dwight King is hit by Blake Geoffrion and loses puck.
13:46 of 2nd period - Slapshot by Rasmus Ristolainen.
13:46 of 2nd period - Shot Misses the Net.
14:02 of 2nd period - Snap shot by David Fischer.
14:02 of 2nd period - Deflect By Nicolas Kerdiles.
14:02 of 2nd period - Goal by Nicolas Kerdiles - Atomiques : 2 - Carnivores : 5.
14:03 of 2nd period - Anton Gustafsson wins face-off versus Rickard Rakell in neutral zone.
14:06 of 2nd period - Snap shot by Anton Gustafsson.
14:06 of 2nd period - Stopped by Jeff Frazee with a rebound.
14:28 of 2nd period - David Fischer is hit by Jack Skille and loses puck.
14:35 of 2nd period - Snap shot by Rasmus Ristolainen.
14:35 of 2nd period - Stopped by Anders Lindback with a rebound.
14:52 of 2nd period - Icing by T.J Brodie.
14:53 of 2nd period - Curtis Lazar wins face-off versus Anthony Nigro in Carnivores zone.
14:58 of 2nd period - Corey Tropp is hit by Jeremy Williams and loses puck.
15:07 of 2nd period - Snap shot by Nicolas Kerdiles.
15:07 of 2nd period - Shot Blocked by Eric Mestery.
15:09 of 2nd period - Slapshot by Curtis Lazar.
15:09 of 2nd period - Deflect By Anthony Nigro.
15:09 of 2nd period - Stopped by Jeff Frazee without a rebound.
15:10 of 2nd period - Rickard Rakell wins face-off versus Anton Gustafsson in Atomiques zone.
15:47 of 2nd period - Slapshot by Rasmus Ristolainen.
15:47 of 2nd period - Shot Blocked by David Fischer.
16:01 of 2nd period - Wrist shot by Anton Gustafsson.
16:01 of 2nd period - Shot Misses the Net.
16:05 of 2nd period - Wrist shot by Anton Gustafsson.
16:05 of 2nd period - Shot Misses the Net.
16:09 of 2nd period - Wrist shot by Anton Gustafsson.
16:09 of 2nd period - Shot Misses the Net.
16:11 of 2nd period - Snap shot by Anton Gustafsson.
16:11 of 2nd period - Shot Misses the Net.
16:13 of 2nd period - Slapshot by David Fischer.
16:13 of 2nd period - Deflect By Anton Gustafsson.
16:13 of 2nd period - Shot Misses the Net.
16:13 of 2nd period - Puck is out of play.
16:14 of 2nd period - Rickard Rakell wins face-off versus Markus Granlund in Atomiques zone.
16:23 of 2nd period - Snap shot by Blake Geoffrion.
16:23 of 2nd period - Shot Blocked by Dwight King.
16:25 of 2nd period - Slapshot by Mat Clark.
16:25 of 2nd period - Shot Blocked by Rickard Rakell.
16:27 of 2nd period - Slapshot by Markus Granlund.
16:27 of 2nd period - Shot Misses the Net.
16:29 of 2nd period - Wrist shot by Nikita Alexeev.
16:29 of 2nd period - Goal by Nikita Alexeev - Atomiques : 2 - Carnivores : 6.
16:30 of 2nd period - Markus Granlund wins face-off versus Rickard Rakell in neutral zone.
16:43 of 2nd period - Snap shot by Rickard Rakell.
16:43 of 2nd period - Stopped by Anders Lindback with a rebound.
16:45 of 2nd period - Snap shot by Dwight King.
16:45 of 2nd period - Stopped by Anders Lindback without a rebound.
16:46 of 2nd period - Tyler Brenner wins face-off versus Anton Gustafsson in Carnivores zone.
17:01 of 2nd period - Wrist shot by Tyler Brenner.
17:01 of 2nd period - Stopped by Anders Lindback with a rebound.
17:11 of 2nd period - Anton Gustafsson is hit by Dalton Smith and loses puck.
17:18 of 2nd period - Wrist shot by Anthony Nigro.
17:18 of 2nd period - Goal by Anthony Nigro - Atomiques : 3 - Carnivores : 6.
17:19 of 2nd period - Markus Granlund wins face-off versus Rickard Rakell in neutral zone.
17:27 of 2nd period - Snap shot by Ryan Shannon.
17:27 of 2nd period - Stopped by Anders Lindback without a rebound.
17:28 of 2nd period - Rickard Rakell wins face-off versus Markus Granlund in Carnivores zone.
18:01 of 2nd period - Slapshot by Rasmus Ristolainen.
18:01 of 2nd period - Deflect By Markus Granlund.
18:01 of 2nd period - Stopped by Anders Lindback without a rebound.
18:02 of 2nd period - Anton Gustafsson wins face-off versus Tyler Brenner in Carnivores zone.
18:27 of 2nd period - Snap shot by Corey Tropp.
18:27 of 2nd period - Shot Misses the Net.
18:36 of 2nd period - Snap shot by Curtis Lazar.
18:36 of 2nd period - Stopped by Jeff Frazee with a rebound.
18:38 of 2nd period - Snap shot by Curtis Lazar.
18:38 of 2nd period - Goal by Curtis Lazar - Atomiques : 3 - Carnivores : 7.
18:39 of 2nd period - Nikita Alexeev wins face-off versus Dwight King in neutral zone.
18:41 of 2nd period - Off-side.
18:42 of 2nd period - Blake Geoffrion wins face-off versus Rickard Rakell in neutral zone.
18:49 of 2nd period - Snap shot by Blake Geoffrion.
18:49 of 2nd period - Shot Blocked by Rasmus Ristolainen.
18:52 of 2nd period - Icing by Ryan Shannon.
18:53 of 2nd period - Rickard Rakell wins face-off versus Markus Granlund in Atomiques zone.
19:00 of 2nd period - Snap shot by Ryan Shannon.
19:00 of 2nd period - Shot Misses the Net.
19:02 of 2nd period - Snap shot by Rickard Rakell.
19:02 of 2nd period - Deflect By Dwight King.
19:02 of 2nd period - Stopped by Anders Lindback without a rebound.
19:03 of 2nd period - Rickard Rakell wins face-off versus Markus Granlund in Carnivores zone.
19:10 of 2nd period - Snap shot by Ryan Shannon.
19:10 of 2nd period - Stopped by Anders Lindback with a rebound.
19:12 of 2nd period - Slapshot by Dwight King.
19:12 of 2nd period - Stopped by Anders Lindback with a rebound.
19:28 of 2nd period - Mark McNeill is hit by Jack Skille and loses puck.
Goals for this period are 2 for Atomiques vs 4 for Carnivores.
Shots for this period are 16 for Atomiques vs 13 for Carnivores.
3rd period
0:01 of 3rd period - Markus Granlund wins face-off versus Rickard Rakell in neutral zone.
0:26 of 3rd period - Dwight King is hit by Curtis Lazar and loses puck.
0:38 of 3rd period - Mattias Backman is hit by Rickard Rakell and loses puck.
0:45 of 3rd period - Snap shot by Ryan Shannon.
0:45 of 3rd period - Deflect By Rickard Rakell.
0:45 of 3rd period - Stopped by Anders Lindback without a rebound.
0:46 of 3rd period - Anton Gustafsson wins face-off versus Tyler Brenner in Carnivores zone.
0:57 of 3rd period - Wrist shot by Anton Gustafsson.
0:57 of 3rd period - Deflect By Mark McNeill.
0:57 of 3rd period - Shot Misses the Net.
0:57 of 3rd period - Puck is out of play.
0:58 of 3rd period - Markus Granlund wins face-off versus Tyler Brenner in Atomiques zone.
1:04 of 3rd period - Minor Penalty to Colby Cohen for Interference.
1:05 of 3rd period - Markus Granlund wins face-off versus Dwight King in Atomiques zone.
1:37 of 3rd period - Slapshot by Anton Gustafsson.
1:37 of 3rd period - Stopped by Jeff Frazee with a rebound.
1:39 of 3rd period - Wrist shot by Anton Gustafsson.
1:39 of 3rd period - Goal by Anton Gustafsson - Atomiques : 3 - Carnivores : 8.
1:39 of 3rd period - Jake Allen enters game.
1:40 of 3rd period - Tyler Brenner wins face-off versus Markus Granlund in neutral zone.
1:50 of 3rd period - Snap shot by Nikita Alexeev.
1:50 of 3rd period - Shot Blocked by Tyler Brenner.
1:52 of 3rd period - Slapshot by Markus Granlund.
1:52 of 3rd period - Stopped by Jake Allen with a rebound.
2:19 of 3rd period - Slapshot by Rasmus Ristolainen.
2:19 of 3rd period - Stopped by Anders Lindback with a rebound.
2:32 of 3rd period - Minor Penalty to Eric Mestery for Interference.
2:33 of 3rd period - Dwight King wins face-off versus Markus Granlund in Atomiques zone.
3:23 of 3rd period - Icing by Mat Clark.
3:24 of 3rd period - Rickard Rakell wins face-off versus Markus Granlund in Carnivores zone.
4:05 of 3rd period - Slapshot by Colby Cohen.
4:05 of 3rd period - Stopped by Anders Lindback with a rebound.
4:32 of 3rd period - Penalty to Eric Mestery is over, Eric Mestery is back on ice.
4:51 of 3rd period - Snap shot by Zack Smith.
4:51 of 3rd period - Stopped by Jake Allen with a rebound.
6:09 of 3rd period - Slapshot by Eric Mestery.
6:09 of 3rd period - Stopped by Anders Lindback with a rebound.
6:12 of 3rd period - Icing by Zack Smith.
6:13 of 3rd period - Zack Smith wins face-off versus Tyler Brenner in Carnivores zone.
6:22 of 3rd period - Backhand shot by Rasmus Ristolainen.
6:22 of 3rd period - Stopped by Anders Lindback with a rebound.
6:26 of 3rd period - Slapshot by Rasmus Ristolainen.
6:26 of 3rd period - Shot Misses the Net.
6:28 of 3rd period - Snap shot by Kenndal McArdle.
6:28 of 3rd period - Goal by Kenndal McArdle - Atomiques : 4 - Carnivores : 8.
6:29 of 3rd period - Markus Granlund wins face-off versus Ryan Shannon in neutral zone.
7:48 of 3rd period - Bobby Farnham is hit by Zack Smith and loses puck.
8:07 of 3rd period - Slapshot by Rickard Rakell.
8:07 of 3rd period - Shot Misses the Net.
8:09 of 3rd period - Slapshot by Eric Mestery.
8:09 of 3rd period - Stopped by Anders Lindback without a rebound.
8:10 of 3rd period - Anton Gustafsson wins face-off versus Tyler Brenner in Carnivores zone.
8:16 of 3rd period - Off-side.
8:17 of 3rd period - Anton Gustafsson wins face-off versus Tyler Brenner in neutral zone.
8:23 of 3rd period - Wrist shot by Mark McNeill.
8:23 of 3rd period - Shot Misses the Net.
8:55 of 3rd period - Markus Granlund is hit by Wiley Sherman and loses puck.
9:14 of 3rd period - Wrist shot by Jeremy Williams.
9:14 of 3rd period - Stopped by Jake Allen with a rebound.
9:48 of 3rd period - Slapshot by Rasmus Ristolainen.
9:48 of 3rd period - Stopped by Anders Lindback without a rebound.
9:49 of 3rd period - Anton Gustafsson wins face-off versus Tyler Brenner in Carnivores zone.
9:58 of 3rd period - Slapshot by Jeremy Welsh.
9:58 of 3rd period - Deflect By Tyler Brenner.
9:58 of 3rd period - Stopped by Jake Allen with a rebound.
10:00 of 3rd period - Wrist shot by Anton Gustafsson.
10:00 of 3rd period - Stopped by Jake Allen without a rebound.
10:01 of 3rd period - Rickard Rakell wins face-off versus Markus Granlund in Atomiques zone.
10:09 of 3rd period - Off-side.
10:10 of 3rd period - Rickard Rakell wins face-off versus Markus Granlund in neutral zone.
11:00 of 3rd period - Wrist shot by Dwight King.
11:00 of 3rd period - Shot Blocked by T.J Brodie.
11:49 of 3rd period - Wrist shot by Blake Geoffrion.
11:49 of 3rd period - Shot Misses the Net.
11:51 of 3rd period - Snap shot by Blake Geoffrion.
11:51 of 3rd period - Shot Misses the Net.
11:53 of 3rd period - Snap shot by Markus Granlund.
11:53 of 3rd period - Deflect By Blake Geoffrion.
11:53 of 3rd period - Shot Misses the Net.
11:53 of 3rd period - Puck is out of play.
11:54 of 3rd period - Jeremy Welsh wins face-off versus Kenndal McArdle in Atomiques zone.
11:59 of 3rd period - Snap shot by Jeremy Welsh.
11:59 of 3rd period - Deflect By Matt Tennyson.
11:59 of 3rd period - Shot Blocked by Jack Skille.
11:59 of 3rd period - Puck is out of play.
12:00 of 3rd period - Tyler Brenner wins face-off versus Anton Gustafsson in Atomiques zone.
12:11 of 3rd period - Slapshot by Rasmus Ristolainen.
12:11 of 3rd period - Shot Blocked by David Fischer.
12:13 of 3rd period - Slapshot by Matt Tennyson.
12:13 of 3rd period - Stopped by Anders Lindback without a rebound.
12:14 of 3rd period - Mark McNeill wins face-off versus Anthony Nigro in Carnivores zone.
12:19 of 3rd period - Mark McNeill is hit by Dalton Smith and loses puck.
15:09 of 3rd period - Curtis Lazar is hit by Eric Mestery and loses puck.
15:42 of 3rd period - Snap shot by Bobby Farnham.
15:42 of 3rd period - Stopped by Anders Lindback with a rebound.
15:44 of 3rd period - Snap shot by Mike Halmo.
15:44 of 3rd period - Shot Misses the Net.
15:54 of 3rd period - Snap shot by Mike Halmo.
15:54 of 3rd period - Shot Hit the Post.
15:56 of 3rd period - Slapshot by Eric Mestery.
15:56 of 3rd period - Shot Misses the Net.
15:58 of 3rd period - Slapshot by Eric Mestery.
15:58 of 3rd period - Stopped by Anders Lindback with a rebound.
16:00 of 3rd period - Wrist shot by Mike Halmo.
16:00 of 3rd period - Deflect By Bobby Farnham.
16:00 of 3rd period - Goal by Bobby Farnham - Atomiques : 5 - Carnivores : 8.
16:01 of 3rd period - Anton Gustafsson wins face-off versus Rickard Rakell in neutral zone.
16:14 of 3rd period - Snap shot by Jeremy Welsh.
16:14 of 3rd period - Shot Misses the Net.
16:16 of 3rd period - Wrist shot by Mark McNeill.
16:16 of 3rd period - Shot Misses the Net.
16:31 of 3rd period - Slapshot by Rasmus Ristolainen.
16:31 of 3rd period - Shot Misses the Net.
16:37 of 3rd period - Slapshot by Rasmus Ristolainen.
16:37 of 3rd period - Shot Misses the Net.
16:39 of 3rd period - Backhand shot by Rasmus Ristolainen.
16:39 of 3rd period - Stopped by Anders Lindback with a rebound.
16:58 of 3rd period - Snap shot by Corey Tropp.
16:58 of 3rd period - Shot Misses the Net.
17:29 of 3rd period - Wrist shot by Corey Tropp.
17:29 of 3rd period - Stopped by Anders Lindback without a rebound.
17:30 of 3rd period - Anton Gustafsson wins face-off versus Rickard Rakell in Carnivores zone.
17:30 of 3rd period - Anton Gustafsson is hit by Dwight King.
17:36 of 3rd period - Snap shot by Dwight King.
17:36 of 3rd period - Deflect By Rickard Rakell.
17:36 of 3rd period - Shot Blocked by David Fischer.
17:36 of 3rd period - Puck is out of play.
17:37 of 3rd period - Anton Gustafsson wins face-off versus Rickard Rakell in Carnivores zone.
18:28 of 3rd period - Slapshot by Rasmus Ristolainen.
18:28 of 3rd period - Shot Blocked by Ryan Pulock.
18:37 of 3rd period - Minor Penalty to Anthony Nigro for Holding Stick.
18:38 of 3rd period - Dwight King wins face-off versus Anton Gustafsson in Atomiques zone.
Goals for this period are 2 for Atomiques vs 1 for Carnivores.
Shots for this period are 14 for Atomiques vs 7 for Carnivores.
Back to the Top